 Dungeon Crawl Stone Soup version 0.21.1-1-g345015f (webtiles) character file.

25 letownia3 the Magician (level 2, -2/19 HPs)
             Began as a Demonspawn Wizard on Feb 7, 2018.
             Slain by a worker ant (8 damage)
             ... on level 4 of the Dungeon.
             The game lasted 00:02:11 (1268 turns).

letownia3 the Magician (Demonspawn Wizard)          Turns: 1268, Time: 00:02:12

Health: -2/19      AC:  2    Str:  7    XL:     2   Next: 82%
Magic:  0/6        EV: 12    Int: 19    God:
Gold:   92         SH:  0    Dex: 11    Spells: 6/7 levels left

rFire    . . .     SeeInvis .   (no weapon)
rCold    . . .     Gourm    .   (no shield)
rNeg     . . .     Faith    .   a - +0 robe
rPois    .         Spirit   .   b - +0 hat
rElec    .         Reflect  .   (no cloak)
rCorr    .         Harm     .   (no gloves)
MR       .....                  (no boots)
Stlth    ++........             (no amulet)
HPRegen  0.06/turn              (no ring)
MPRegen  0.10/turn              (no ring)

@: no status effects
A: powered by death 1
a: no special abilities


You were on level 4 of the Dungeon.
You were not hungry.

You visited 1 branch of the dungeon, and saw 4 of its levels.

You collected 92 gold pieces.

Inventory:

Hand Weapons
 l - a cursed -3 dagger
Armour
 a - a +0 robe (worn)
 b - a +0 hat (worn)
 j - a +0 pair of gloves
 n - a +0 scale mail
 t - a +0 ring mail
Scrolls
 e - 2 scrolls of random uselessness {unknown}
 f - 3 scrolls of identify {unknown}
 i - a scroll of immolation {unknown}
 m - a scroll of fog {unknown}
 o - a scroll of amnesia {unknown}
 q - a scroll of remove curse {unknown}
Potions
 g - a potion of heal wounds {unknown}
 h - a potion of haste {unknown}
 k - a potion of berserk rage {unknown}
 p - a potion of mutation {unknown}
 r - a potion of flight {unknown}
Books
 c - a book of Minor Magic

   Spells                             Type                      Level
   a - Magic Dart                     Conjuration                  1
   b - Blink                          Translocation                2
   c - Call Imp                       Summoning                    2
   d - Slow                           Hexes                        2
   e - Conjure Flame                  Conjuration/Fire             3
   f - Mephitic Cloud                 Conjuration/Poison/Air       3
Comestibles
 d - 5 rations


   Skills:
 - Level 1.7 Dodging
 - Level 1.7 Stealth
 - Level 3.0 Spellcasting
 + Level 2.9 Conjurations
   Level 1.0 Summonings
   Level 0.8 Translocations


You had 6 spell levels left.
You knew the following spells:

 Your Spells              Type           Power        Failure   Level  Hunger
a - Magic Dart            Conj           ##..         4%          1    None


Dungeon Overview and Level Annotations

Branches:
Dungeon (4/15)
 Temple: D:4-7

Altars:


Innate Abilities, Weirdness & Mutations

You regenerate a little health from kills.


Message History

The worker ant closely misses you.
Unknown command.
Unknown command.
The worker ant bites you.
* * * LOW HITPOINT WARNING * * *
You are lethally poisoned!
The worker ant poisons you!
Unknown command.
Unknown command.
You feel better. The worker ant misses you.
Unknown command.
Casting: Magic Dart
Confirm with . or Enter, or press ? or * to list all spells.
Aiming: Magic Dart
Press: ? - help, Shift-Dir - straight line, f/p - worker ant
Aim: a worker ant (almost dead)
The magic dart hits the worker ant.
The worker ant is almost dead.
The worker ant bites you. The worker ant bites you!
You die...

#.###.####..#
...(.......<#
...###.......#
....# #####..##
####s# #..# #.#
#..#
#.#######..########
........a.......#
.######@###.#####
#.# #(# ..# #.#
.... #.# ###.# #(#
#.# #.# ... ((# ..#
###


You could see a worker ant.

Vanquished Creatures
  5 bats
  6 goblins
  A hobgoblin (D:1)
  3 kobolds
  3 frilled lizards
  3 rats
21 creatures vanquished.

Vanquished Creatures (others)
  A rat (D:3)
1 creature vanquished.

Grand Total: 22 creatures vanquished

Notes
Turn   | Place    | Note
-------+----------+-------------------------------------------
     0 | D:1      | letownia3 the Demonspawn Wizard began the quest for the Orb.
     0 | D:1      | Reached XP level 1. HP: 13/13 MP: 4/4
   342 | D:1      | Gained mutation: You regenerate a little health from kills. [demonic ancestry]
   342 | D:1      | Reached XP level 2. HP: 19/19 MP: 0/6
  1220 | D:4      | Noticed a scorpion
  1268 | D:4      | Slain by a worker ant

Skill      XL: |  1 |
---------------+----+-----
Conjurations   | 2 |  2.9
Dodging        | |  1.7
Stealth        | |  1.7
Spellcasting   | |  3.0
Summonings     | |  1.0
Translocations | |  0.8

Action                   || total
-------------------------++-------
Throw: Javelin           ||     7
 Cast: Magic Dart        ||    51
  Use: Potion            ||     2
  Eat: Chunk             ||     1
Armor: Robe              ||     1
Dodge: Dodged            ||    20
